Map: Ruins of Endion

Players

Expect - Winner!

  • Race: Terran Terran
  • League: Master

Miszu

  • Race: Zerg Zerg
  • League: Master

VOD

Have the link to the VOD?

Description

Time

  • Played on: July 1, 2016, 11:29 a.m.
  • Length: 11:43
Show
View Real Time Build Order
Export as new Build Order

Expect Terran - Winner!

Build Orders: Liberator Opening, Reaper Expand, Bio Tank 

Get SALT Encoding   

  12  0:01  SCV  
  13  0:13  SCV  
  14  0:19  Supply Depot  
  14  0:26  SCV  
  15  0:32  Refinery  
  15  0:40  SCV  
  16  0:48  Barracks  
  16  0:52  SCV  
  17  1:05  SCV  
  18  1:17  SCV  
  19  1:36  Reaper, Orbital Command  
  20  1:45  Command Center  
  20  2:01  Factory  
  20  2:02  SCV  
  21  2:10  Barracks Reactor  
  21  2:12  Supply Depot  
  21  2:14  SCV  
  22  2:26  SCV  
  23  2:38  SCV  
  24  2:48  Marine  
  24  2:49  Refinery, Marine  
  24  2:50  Starport, SCV  
  27  2:59  Factory Tech Lab, Orbital Command  
  27  3:02  SCV  
  28  3:06  Marine x2  
  30  3:14  SCV  
  30  3:18  Widow Mine  
  33  3:20  Bunker  
  33  3:24  Marine x2, SCV  
  33  3:27  SCV  
  37  3:29  Medivac  
  39  3:38  Supply Depot  
  39  3:42  Marine x2  
  39  3:44  Liberator  
  39  3:47  SCV x2  
  43  3:53  Supply Depot  
  43  3:59  SCV x2  
  48  4:10  Marine  
  48  4:11  Marine, SCV x2  
  52  4:17  Supply Depot  
  52  4:19  Siege Tank  
  52  4:23  SCV x2  
  57  4:35  SCV  
  55  4:38  SCV  
  53  5:02  SCV x2  
  53  5:04  Barracks, Factory Reactor  
  53  5:05  Command Center, Barracks  
  53  5:06  Marine, Stimpack  
  56  5:07  Supply Depot, Starport Reactor  
  56  5:14  Engineering Bay x2, SCV x2  
  56  5:16  Refinery  
  58  5:24  Barracks  
  58  5:26  Barracks, SCV x2  
  58  5:33  Marine  
  56  5:38  SCV x2  
  56  5:41  Refinery  
  56  5:42  Terran Infantry Weapons Level 1, Terran Infantry Armor Level 1  
  58  5:50  SCV x2  
  60  5:57  Factory Tech Lab  
  60  5:59  Marine x2  
  60  6:00  Marine x3  
  60  6:02  SCV  
  60  6:03  SCV  
  67  6:04  Medivac x2  
  71  6:15  SCV x2  
  73  6:20  Barracks Reactor x2  
  73  6:21  Marine x5  
  73  6:22  Orbital Command  
  78  6:25  Siege Tank  
  78  6:27  SCV x2  
  78  6:30  Supply Depot x2  
  83  6:38  Marine  
  83  6:39  Marine x4, SCV x2  
  90  6:49  Armory  
  90  6:50  Orbital Command  
  90  6:51  SCV x2  
  92  6:56  Marine x2  
  92  6:57  Marine x3  
  92  6:58  Siege Tank  
  100  7:03  Marine x4  
  100  7:06  Combat Shields  
  104  7:14  Marine x3  
  104  7:15  Marine x2  
  109  7:23  Marine, SCV x2  
  109  7:29  Supply Depot x2  
  109  7:30  Supply Depot  
  109  7:41  Marine  
  109  7:42  Marine  
  109  7:43  Medivac, SCV  
  109  7:44  Medivac  
  109  7:46  Siege Tank  
  109  7:47  Marine x3  
  101  7:55  Marine x3  
  93  7:59  Marine x2  
  93  8:00  SCV x2  
  93  8:03  Marine  
  93  8:05  Terran Infantry Armor Level 2, Marine x3, Terran Infantry Weapons Level 2  
  100  8:07  SCV  
  100  8:08  Refinery  
  100  8:09  Supply Depot  
  100  8:11  Refinery  
  100  8:12  SCV x2  
  103  8:13  Marine x3  
  103  8:17  Marine x2  
  103  8:18  Siege Tank  
  111  8:21  Marine  
  111  8:22  Marine  
  111  8:23  Marine x2  
  111  8:25  Barracks  
  111  8:26  Barracks x2  
  115  8:30  Marine x2  
  115  8:31  Marine  
  118  8:35  Marine, Marauder  
  118  8:38  Marine  
  118  8:40  Marine x2  
  124  8:41  Supply Depot  
  121  8:50  Siege Tank  
  124  8:56  Marine x2  
  124  8:58  Marine x6  
  132  9:13  Marine  
  132  9:14  Barracks Tech Lab x2  
  132  9:15  Command Center  
  132  9:16  Barracks Tech Lab  
  131  9:18  Medivac x2  
  131  9:22  Marine x3, Siege Tank  
  131  9:23  Marine  
  131  9:24  Marine x3, Marauder  
  146  9:36  Marine x2  
  146  9:38  Marine  
  149  9:44  Supply Depot  
  149  9:46  Supply Depot, Terran Vehicle Weapons Level 1  
  149  9:47  Supply Depot  
  149  9:48  Marine x6, Marauder  
  157  10:02  Marine  
  157  10:03  Marine  
  157  10:04  Marine  
  157  10:05  Marauder x2, Siege Tank  
  157  10:06  Marine x6  
  162  10:10  Marauder  
  142  10:20  Marine  
  135  10:21  Marine  
  135  10:22  Marine  
  135  10:23  Marine x6  
  135  10:26  Marine x2  
  138  10:31  Marauder  
  140  10:37  Siege Tank  
  140  10:38  Marine  
  140  10:39  Marine  
  140  10:40  Marine  
  140  10:41  Marine x2  
  140  10:42  Marauder  
  150  10:43  Marine x2  
  150  10:45  Marine  
  150  10:46  Marine  
  154  10:55  Marine x2  
  154  10:56  Marine  
  157  10:57  Marine  
  157  10:58  Marine  
  157  10:59  Marine x2  
  157  11:03  Marine x3, Marauder  
  168  11:04  Marauder  
  168  11:09  Siege Tank  
  171  11:13  Marine  
  171  11:18  Marine x4  
  162  11:19  Marine, Marauder  
  162  11:21  Marine  
Show
View Real Time Build Order
Export as new Build Order

Miszu Zerg 

Build Orders: Hatch First 

Get SALT Encoding   

  12  0:01  Drone  
  13  0:12  Overlord  
  13  0:17  Drone  
  14  0:31  Drone x2  
  14  0:34  Drone  
  17  0:52  Hatchery  
  17  0:56  Drone  
  17  1:00  Extractor  
  16  1:07  Drone x2  
  18  1:19  Spawning Pool  
  18  1:22  Drone  
  18  1:30  Drone  
  19  1:43  Overlord  
  19  1:50  Drone  
  20  2:05  Queen x2  
  20  2:06  Metabolic Boost  
  20  2:08  Zergling x4  
  25  2:12  Zergling x2  
  27  2:16  Drone  
  27  2:22  Drone  
  29  2:31  Drone  
  29  2:35  Spore Crawler  
  29  2:36  Drone  
  30  2:38  Drone  
  32  2:44  Drone  
  32  2:48  Drone  
  32  2:50  Queen  
  36  2:52  Pneumatized Carapace  
  36  2:54  Overlord  
  36  3:13  Drone x3  
  36  3:16  Overlord  
  36  3:18  Drone x3  
  42  3:23  Drone  
  42  3:24  Drone  
  44  3:32  Overlord  
  44  3:38  Drone x3  
  47  3:42  Roach Warren  
  46  3:56  Hatchery  
  46  3:57  Drone x6  
  46  3:58  Drone  
  46  4:01  Extractor x2  
  50  4:08  Zergling x2  
  50  4:09  Zergling x4  
  53  4:13  Zergling x2  
  54  4:18  Zergling x2  
  54  4:19  Spore Crawler  
  54  4:22  Spore Crawler  
  54  4:23  Roach  
  47  4:49  Overlord  
  47  4:55  Drone x6  
  53  5:11  Overlord  
  53  5:13  Lair  
  53  5:25  Overlord  
  50  5:38  Queen, Spore Crawler  
  50  5:42  Overlord x2  
  50  5:43  Drone x10  
  50  5:44  Drone x2  
  62  5:51  Roach  
  64  6:00  Extractor  
  60  6:07  Drone x10  
  60  6:09  Drone  
  71  6:16  Evolution Chamber  
  71  6:17  Drone x2, Evolution Chamber  
  71  6:18  Glial Reconstitution  
  71  6:20  Drone  
  71  6:21  Drone  
  71  6:24  Burrow  
  73  6:30  Roach  
  73  6:32  Infestation Pit  
  74  6:34  Roach  
  75  6:41  Roach  
  75  6:42  Roach  
  75  6:43  Roach, Zerg Ground Armor Level 1  
  75  6:44  Zerg Missile Weapons Level 1  
  81  6:48  Overlord x2  
  81  6:52  Roach  
  81  6:53  Roach x4  
  91  7:03  Roach  
  91  7:04  Roach x5  
  91  7:07  Ravager x2  
  106  7:08  Ravager  
  106  7:13  Overlord, Extractor  
  106  7:14  Overlord, Extractor  
  106  7:15  Roach  
  105  7:23  Queen  
  105  7:29  Roach x3  
  115  7:30  Roach x2  
  115  7:36  Overlord x3  
  113  7:50  Roach x7  
  113  7:53  Roach  
  105  8:01  Roach x2  
  105  8:03  Roach  
  107  8:09  Infestor x2  
  111  8:16  Hive  
  111  8:23  Ravager  
  112  8:29  Overlord x2  
  112  8:30  Overlord x2  
  112  8:35  Hatchery  
  111  8:52  Ravager x4  
  111  8:53  Ravager x2  
  117  9:02  Roach x2  
  119  9:16  Roach x4  
  119  9:25  Roach  
  119  9:27  Roach x14  
  119  9:28  Roach  
  149  9:34  Overlord  
  149  9:40  Overlord x2, Drone  
  149  9:42  Roach  
  154  9:45  Roach  
  154  9:46  Roach  
  116  10:15  Infestor x2  
  116  10:16  Infestor  
  108  10:25  Roach  
  108  10:26  Roach x7  
  108  10:28  Zergling x4  
  108  10:41  Ultralisk Cavern  
  108  10:42  Roach  
  109  10:47  Zergling x2  
  110  10:50  Overlord x2  
  110  10:52  Zergling x4  
  112  11:00  Roach  
  112  11:01  Roach x3  
  120  11:07  Roach  
  120  11:08  Roach x2  
  114  11:20  Roach x5  
Tags
 
Add a new tag
Caveats
  • Supply blocks, unpowered buildings, or Contaminate may cause inaccurate times.
  • Supply counts are checked every 10 seconds.